AoeStats
← Totis

Arabia

507503568Analyzed
2v2 RM · 14d ago on Sep 18, 2026· 34m 43s· 4 players
Game mode
Random Map
Map size
Medium (4 player)
Population
200
Speed
Normal
Resources
Standard
Victory
Conquest
Starting age
Dark Age
Ending age
Imperial Age
RankedLock teamsTeams togetherTeam positionsShared explorationLock speedFull tech treeHidden civsTurbo modeCheats
Victory
Defeat
🇪🇸 Franks · Spain
1292
+14
🇪🇸 Vietnamese · Spain
1290
+14
🇮🇳 Ethiopians · India
1293
-15
🇬🇷 Britons · Greece
1219
-13
Pakabuoy
6:26 Loom
10:05 Feudal Age
11:02 Double-Bit Axe
12:39 Fletching
24:14 Castle Age
24:06 Gold Mining
24:16 Crossbowman
24:52 Bodkin Arrow
24:57 Padded Archer Armor
27:52 Ballistics
28:05 Leather Archer Armor
31:00 Husbandry
31:57 Forging
31:47 Scale Mail Armor
Totis
6:53 Loom
9:12 Feudal Age
9:49 Double-Bit Axe
11:45 Horse Collar
16:08 Fletching
18:06 Wheelbarrow
22:07 Castle Age
20:59 Scale Barding Armor
21:02 Gold Mining
23:14 Chain Barding Armor
23:05 Bow Saw
23:05 Crossbowman
24:40 Heavy Plow
28:09 Forging
28:02 Husbandry
28:35 Stone Mining
31:24 Gold Shaft Mining
31:33 Hand Cart
32:58 Town Watch
37:44 Imperial Age
javier_amador24
6:27 Loom
9:05 Feudal Age
9:40 Double-Bit Axe
21:45 Castle Age
20:21 Gold Mining
20:41 Padded Archer Armor
20:37 Fletching
21:30 Forging
21:49 Elite Skirmisher
22:32 Husbandry
24:51 Pikeman
32:46 Bow Saw
nico el ruso
6:02 Loom
9:10 Feudal Age
9:21 Man-at-Arms
15:09 Double-Bit Axe
15:09 Horse Collar
16:23 Padded Archer Armor
19:05 Wheelbarrow
18:35 Fletching
25:31 Castle Age
26:37 Bodkin Arrow
26:16 Elite Skirmisher
27:47 Leather Archer Armor
30:21 Bow Saw
30:13 Heavy Plow
32:16 Town Watch
Connection lost

Rejoining the realm…

Still unreachable

The connection could not be restored.

Session expired

The server has moved on; the page needs a fresh start.